 Dungeon Crawl Stone Soup version 0.30-a0-557-ge2afbf3030 (webtiles) character file.

Game seed: 2143627110510851849

142 Shayle the Conjurer (level 5, -1/32 HPs)
             Began as a Tengu Reaver on Dec 27, 2022.
             Slain by Natasha (3 damage)
             ... on level 3 of the Dungeon.
             The game lasted 00:04:23 (1742 turns).

Shayle the Conjurer (Tengu Reaver)                  Turns: 1742, Time: 00:04:24

Health: -1/32      AC:  3    Str: 13    XL:     5   Next: 24%
Magic:  0/10       EV: 14    Int: 15    God:
Gold:   133        SH:  0    Dex: 12    Spells: 8/9 levels left

rFire   . . .      SeeInvis .    a - +0 spear
rCold   + . .      Faith    .    (no shield)
rNeg    . . .      Spirit   +    b - +0 leather armour
rPois   +          Reflect  .    (helmet restricted)
rElec   .          Harm     .    (no cloak)
rCorr   .          Rampage  .    (no gloves)
Will    .....                    (boots unavailable)
Stlth   +                        l - amulet of guardian spirit
HPRegen 0.25/turn                f - ring of protection from cold
MPRegen 0.12/turn                j - ring of poison resistance

@: on berserk cooldown, flying quickly and evasively, slowed, very slow
A: beak, talons 3, nimble flight
a: no special abilities


You were on level 3 of the Dungeon.
You visited 1 branch of the dungeon, and saw 3 of its levels.

You collected 133 gold pieces.

Inventory:

Hand Weapons
 a - a +0 spear (weapon)
Armour
 b - a +0 leather armour (worn)
Jewellery
 f - a ring of protection from cold (left hand)
 j - a ring of poison resistance (right hand)
 l - an amulet of guardian spirit (around neck)
Scrolls
 c - a scroll of enchant armour {unknown}
 d - 2 scrolls of brand weapon {unknown}
 i - a scroll of noise {unknown}
 k - a scroll of fear {unknown}
Potions
 g - 2 potions of cancellation
 h - a potion of ambrosia
 m - a potion of haste {unknown}


   Skills:
 + Level 3.1 Fighting
 - Level 3.2 Polearms
 + Level 3.4 Dodging
 + Level 2.9 Spellcasting
 - Level 4.0 Conjurations
 + Level 2.4 Necromancy


You had 8 spell levels left.
You knew the following spells:

 Your Spells              Type           Power      Damage    Failure   Level
a - Kiss of Death         Conj/Necr      44%        2d8       7%          1

Your spell library contained the following spells:

 Spells                   Type           Power      Damage    Failure   Level
 Momentum Strike          Conj/Tloc      16%        3d8       17%         2
 Hailstorm                Conj/Ice       8%         3d4       34%         3


Dungeon Overview and Level Annotations

Branches:
Dungeon (3/15)

Altars:
Zin

Shops:
D:3 *

Annotations:
D:3 Natasha


Innate Abilities, Weirdness & Mutations

You have a beak for a mouth.
You have claws for feet.
Your magical nature lets you fly swiftly and evasively.


Message History

You closely miss Natasha.
Natasha is lightly wounded.
Natasha claws you.
You hit Natasha but do no damage. Your peck misses Natasha.
Natasha is lightly wounded.
Natasha misses you.
It was a potion of cancellation.
You feel magically purged. Natasha closely misses you.
It was a potion of berserk rage.
A red film seems to cover your vision as you go berserk!
You feel yourself moving faster!
You feel mighty! Natasha claws you but does no damage.
You hit Natasha. You claw Natasha! Your peck misses Natasha.
Natasha is almost dead.
You puncture Natasha!
You kill Natasha!
Natasha yowls pathetically as she dies!
Natasha, Servant of Life and Death comes into view.
You see here the felid corpse of Natasha.
You feel a strong urge to attack something.
You see here a frilled lizard corpse.
You feel your anger nearly subside.
You are no longer berserk.
You are exhausted.
You feel yourself slow down.
Natasha casts a spell.
Natasha barely misses you.
You barely miss Natasha. Natasha claws you!
You closely miss Natasha. Natasha completely misses you.
You hit Natasha. Your kick misses Natasha. You peck Natasha, but do no damage.
Natasha is moderately wounded.
Natasha claws you!
* * * LOW HITPOINT WARNING * * *
Natasha casts a spell at you. The magic dart hits you.
* * * LOW HITPOINT WARNING * * *
The shadow imp grinds its teeth.
You hit Natasha but do no damage. You claw Natasha.
Natasha is heavily wounded.
Natasha claws you.
You die...

.# .### ... #
########.#####.
.
#...##.†.......
#.
#.#..#†#.#.####
#.##..#...#.#
#.#.......#.#
#......#.@#.#
#.....###h#.#
#..∩.._⌠#5..#
#.....###.#.#
#....†.#....#
#.........# #
#######...#
#...### #....<#


You could see Natasha and a shadow imp (summoned).

Vanquished Creatures
  Natasha (D:3)
  5 adders (D:2)
  A worm (D:2)
  4 dart slugs
  2 ball pythons
  2 endoplasms
  5 giant cockroaches
  6 goblins
  5 hobgoblins
  10 jackals
  6 bats
  3 frilled lizards
  2 kobolds
  7 rats
59 creatures vanquished.

Notes
Turn   | Place    | Note
-------+----------+-------------------------------------------
     0 | D:1      | Shayle the Tengu Reaver began the quest for the Orb.
     0 | D:1      | Reached XP level 1. HP: 12/12 MP: 4/4
   123 | D:1      | Reached XP level 2. HP: 17/17 MP: 6/6
   342 | D:1      | Reached skill level 1 in Necromancy
   396 | D:1      | Found a faded altar of an unknown god.
   407 | D:1      | You fall into a shaft and drop 1 floor!
   438 | D:2      | Reached XP level 3. HP: 21/22 MP: 7/7
   779 | D:2      | Reached XP level 4. HP: 27/27 MP: 8/8
  1694 | D:3      | Found Zin's Purification Station.
  1699 | D:3      | Found a glowing silver altar of Zin.
  1706 | D:3      | Gained mutation: Your magical nature lets you fly swiftly
                  | and evasively. [Tengu growth]
  1706 | D:3      | Reached XP level 5. HP: 31/32 MP: 10/10
  1715 | D:3      | Noticed Natasha
  1733 | D:3      | Killed Natasha
  1733 | D:3      | Noticed Natasha
  1742 | D:3      | Slain by Natasha

Illustrated notes

Levels and vault maps discovered:
D:1:      minmay_arrival_four_loops, layout_basic,
          hellmonk_ecumenical_altar_pennies_from_heaven
D:2:      kennysheep_six_static_rooms, layout_basic
D:3:      layout_basic, zin_purify, uniq_grinder, uniq_jessica, uniq_natasha

Skill      XL: |  1  2  3  4 |
---------------+-------------+-----
Necromancy     | 1 2 |  2.4
Dodging        | 3 |  3.4
Fighting       | 3 |  3.1
Polearms       | |  3.2
Spellcasting   | |  2.9
Conjurations   | |  4.0

Action                   |  1- 3 |  4- 6 || total
-------------------------+-------+-------++-------
Melee: Spear             |    87 |    97 ||   184
       Kick              |    19 |    13 ||    32
       Peck              |    17 |     7 ||    24
       Punch             |     1 |     1 ||     2
  Use: Potion            |       |     3 ||     3
Armor: Leather armour    |    24 |    20 ||    44
Dodge: Dodged            |    53 |    64 ||   117

Table legend: (Time is in decaauts)
 A = Elapsed time spent in this place.
 B = Non-inter-level travel time spent in this place.
 C = Inter-level travel time spent in this place.
 D = Time resting spent in this place.
 E = Time spent auto-exploring this place.
 F = Levels seen in this place.
 G = Mean time per level.
                   A        B        C        D        E       F      G
               +--------+--------+--------+--------+--------+-----+--------+
         Total |   1729 |   1666 |     63 |     34 |   1012 |   3 |  576.3 |
       Dungeon |   1729 |   1666 |     63 |     34 |   1012 |   3 |  576.3 |
               +--------+--------+--------+--------+--------+-----+--------+

Top non-repeatable levels by time:
     D:2: 872 daAuts
     D:1: 810 daAuts
     D:3: 46 daAuts
